 Dungeon Crawl Stone Soup version 0.19-a0-1254-gb9c29c0 (webtiles) character file.

1384 Amnesiac the Reanimator (level 8, 0/52 HPs)
             Began as a Demonspawn Necromancer on Aug 27, 2016.
             Slain by a giant frog (7 damage)
             ... on level 7 of the Dungeon.
             The game lasted 00:09:13 (3961 turns).

Amnesiac the Reanimator (Demonspawn Necromancer)    Turns: 3961, Time: 00:09:14

Health: 0/52       AC:  6    Str:  9    XL:     8   Next: 40%
Magic:  0/16       EV: 12    Int: 17    God:
Gold:   178        SH:  0    Dex: 15    Spells: 3 memorised, 11 levels left

rFire  + . .     SeeInvis .     x - +4 short sword
rCold  . . .     Gourm    .     a - +0 robe
rNeg   . . .     Faith    .     (no shield)
rPois  .         Spirit   .     (helmet restricted)
rElec  .         Dismiss  .     f - +0 cloak
rCorr  .         Reflect  .     (no gloves)
MR     .....     Harm     .     (no boots)
Stlth  ++........               (no amulet)
                                (no ring)
                                v - ring of protection from fire

@: no status effects
A: antennae 1, icy blue scales 2, powered by pain 1
a: no special abilities


You were on level 7 of the Dungeon.
You were not hungry.

You visited 1 branch of the dungeon, and saw 7 of its levels.

You collected 178 gold pieces.

Inventory:

Hand Weapons
 x - a +4 short sword (weapon)
Armour
 a - a +0 robe (worn)
 f - a +0 cloak (worn)
Jewellery
 v - a ring of protection from fire (left hand)
Wands
 s - a wand of flame (23/48)
 B - a wand of paralysis (2/24)
Scrolls
 e - 2 scrolls of magic mapping {unknown}
 h - 3 scrolls of immolation {unknown}
 i - a scroll of fear {unknown}
 k - 2 scrolls of amnesia {unknown}
 n - 2 scrolls of noise {unknown}
 p - a scroll of enchant weapon {unknown}
 r - 2 scrolls of remove curse {unknown}
 t - a scroll of teleportation {unknown}
 u - a scroll of fog {unknown}
 y - a scroll of identify {unknown}
Potions
 d - a potion of berserk rage {unknown}
 g - 2 potions of curing
 j - a potion of agility {unknown}
 l - 3 potions of mutation {unknown}
 m - a potion of heal wounds {unknown}
 o - 2 potions of lignification {unknown}
 q - a potion of degeneration {unknown}
 w - a potion of magic {unknown}
Books
 b - a book of Necromancy

   Spells                             Type                      Level
   a - Pain                           Necromancy                   1
   b - Animate Skeleton               Necromancy                   1
   c - Vampiric Draining              Necromancy                   3
   d - Regeneration                   Charms/Necromancy            3
   e - Animate Dead                   Necromancy                   4
   f - Control Undead                 Necromancy                   4
Comestibles
 c - 8 bread rations
 z - a slice of pizza
 A - a chunk of flesh


   Skills:
 - Level 1.7 Dodging
 - Level 1.7 Stealth
 + Level 5.5 Spellcasting
 * Level 10.3 Necromancy


You had 11 spell levels left.
You knew the following spells:

 Your Spells              Type           Power        Failure   Level  Hunger
f - Vampiric Draining     Necr           #####.....   1%          3    ##.....
r - Regeneration          Chrm/Necr      ###.......   6%          3    ##.....
z - Pain                  Necr           ####         1%          1    None


Dungeon Overview and Level Annotations

Branches:
Dungeon (7/15)
 Temple: D:4-7

Altars:
Qazlal
Zin

Shops:
D:4 %   D:5 (   D:6 (

Annotations:
D:5 exclusion: centaur


Innate Abilities, Weirdness & Mutations

You have a pair of small antennae on your head.
You are mostly covered in icy blue scales. (AC +3)
You sometimes gain a little power by taking damage.


Message History

Aim: a giant frog (moderately wounded)
The giant frog is severely wounded.
You feel life coursing into your body. The giant frog hits you.
You closely miss the giant frog.
The giant frog is severely wounded.
The giant frog hits you.
* * * LOW HITPOINT WARNING * * *
The giant frog misses you. The giant frog hits you.
* * * LOW HITPOINT WARNING * * *
The giant frog hits you.
* * * LOW HITPOINT WARNING * * *
Casting: Vampiric Draining
Confirm with . or Enter, or press ? or * to list all spells.
Aiming: Pain
Press: ? - help, Shift-Dir - straight line, f/p - giant frog
Aim: a giant frog (severely wounded, chance to defeat MR: 84%)
The giant frog writhes in agony!
The giant frog barely misses you. The giant frog hits you!
You die...

### #.. #.# ##
############.#
#######...#
#..........#.#
#.......#.
#<########.#.####...###
.. #.# ###.#.##.......#
.# #.# #......@F^.>...#
.# #.#
#.######.......##.######
#.# #. ###.......††.....
#.# # #...#######.###
#.# ##### #.#


You could see a giant frog.

Vanquished Creatures
  2 ice beasts (D:6)
  3 sky beasts (D:6)
  A centaur (D:6)
  An ogre (D:6)
  6 giant frogs
  3 howler monkeys (D:6)
  A crimson imp (D:6)
  An orc wizard (D:6)
  A jelly (D:6)
  Jessica (D:2)
  An iguana (D:5)
  2 worker ants (D:6)
  3 adders
  A worm (D:4)
  A dart slug (D:1)
  4 orcs
  A ball python (D:6)
  2 giant cockroaches
  3 goblins (D:1)
  2 hobgoblins (D:1)
  3 jackals (D:7)
  A kobold (D:1)
  2 quokkas
  3 bats
  3 giant newts
  A jackal skeleton (D:6)
  A rat (D:1)
54 creatures vanquished.

Vanquished Creatures (others)
  An ogre (D:6)
  A giant frog skeleton (D:6)
2 creatures vanquished.

Grand Total: 56 creatures vanquished

Notes
Turn   | Place    | Note
-------+----------+-------------------------------------------
     0 | D:1      | Amnesiac the Demonspawn Necromancer began the quest for the Orb.
     0 | D:1      | Reached XP level 1. HP: 13/13 MP: 3/3
   312 | D:1      | Gained mutation: You are partially covered in icy blue scales. (AC +2) [demonic ancestry]
   312 | D:1      | Reached XP level 2. HP: 19/19 MP: 3/5
   397 | D:1      | Reached skill level 5 in Necromancy
   757 | D:2      | Gained mutation: You are mostly covered in icy blue scales. (AC +3) [demonic ancestry]
   757 | D:2      | Reached XP level 3. HP: 19/24 MP: 0/6
   762 | D:2      | Learned a level 3 spell: Vampiric Draining
   859 | D:2      | Noticed Jessica
   861 | D:2      | Killed Jessica
  1136 | D:4      | Found a glowing silver altar of Zin.
  1300 | D:4      | Reached XP level 4. HP: 29/30 MP: 4/8
  1472 | D:4      | Found Uquener's Food Emporium.
  1680 | D:5      | Entered Level 5 of the Dungeon
  1811 | D:5      | Reached skill level 6 in Necromancy
  2049 | D:5      | Noticed a centaur
  2119 | D:5      | Found Ogrok's Antique Weapon Emporium.
  2318 | D:6      | Noticed an ogre
  2318 | D:6      | Noticed a giant frog
  2333 | D:6      | Killed an ogre
  2333 | D:6      | Reached XP level 5. HP: 23/35 MP: 0/9
  2430 | D:6      | Reached skill level 7 in Necromancy
  2522 | D:6      | Noticed a sky beast
  2529 | D:6      | Killed a sky beast
  2529 | D:6      | Gained mutation: You have a pair of small antennae on your head. [demonic ancestry]
  2529 | D:6      | Reached XP level 6. HP: 30/41 MP: 1/11
  2649 | D:6      | Noticed a sky beast
  2652 | D:6      | Reached skill level 8 in Necromancy
  2711 | D:6      | Killed a sky beast
  2711 | D:6      | Gained mutation: You sometimes gain a little power by taking damage. [demonic ancestry]
  2711 | D:6      | Reached XP level 7. HP: 19/46 MP: 0/13
  3012 | D:6      | Reached skill level 9 in Necromancy
  3298 | D:6      | Learned a level 3 spell: Regeneration
  3427 | D:6      | Reached skill level 5 in Spellcasting
  3427 | D:6      | Reached XP level 8. HP: 39/52 MP: 3/15
  3659 | D:6      | Found Ybus's Weapon Shop.
  3694 | D:6      | Found a stormy altar of Qazlal.
  3840 | D:6      | Reached skill level 10 in Necromancy
  3961 | D:7      | Slain by a giant frog

Vault maps used:
D:1:      dpeg_chamrin_arrival_tetris, minmay_misc_feat_iff
D:2:      gammafunk_temple_overflow_statue, uniq_jessica
D:3:      first_bread
D:4:      zin_statuary, serial_shops, shop_statue
D:5:      serial_shops, nicolae_shop_crystal
D:6:      serial_shops, shop, nicolae_qazlal_eye_of_the_storm
D:7:      kennysheep_mini

Skill      XL: |  1  2  3  4  5  6  7  8 |
---------------+-------------------------+-----
Necromancy     | 5 6 7 8 9 10 | 10.3
Spellcasting   | 3 4 5 |  5.5
Dodging        | |  1.7
Stealth        | |  1.7

Action                   |  1- 3 |  4- 6 |  7- 9 || total
-------------------------+-------+-------+-------++-------
Melee: Unarmed           |     1 |       |       ||     1
       Short sword       |       |     3 |    57 ||    60
 Cast: Pain              |    35 |    40 |    52 ||   127
       Vampiric Draining |       |     9 |    12 ||    21
       Regeneration      |       |       |     1 ||     1
  Use: Potion            |       |       |     1 ||     1
  Eat: Chunk             |     2 |     4 |     6 ||    12
Armor: Robe              |     6 |     7 |    22 ||    35
Dodge: Dodged            |    10 |    18 |    47 ||    75
